 Dungeon Crawl Stone Soup version 0.23.2-40-g277498a001 (webtiles) character file.

Game seed: 2076616713083757321

14 MalarOregon the Poker (level 2, -1/23 HPs)
             Began as a Merfolk Skald on Aug 23, 2019.
             Slain by a jackal (3 damage)
             ... on level 1 of the Dungeon.
             The game lasted 00:01:15 (286 turns).

MalarOregon the Poker (Merfolk Skald)                Turns: 286, Time: 00:01:15

Health: -1/23      AC:  3    Str: 11    XL:     2   Next: 41%
Magic:  5/5        EV: 12    Int: 12    God:
Gold:   3          SH:  0    Dex: 13    Spells: 4/5 levels left

rFire    . . .     SeeInvis .   a - +0 spear
rCold    . . .     Gourm    .   (no shield)
rNeg     . . .     Faith    .   b - +0 leather armour
rPois    .         Spirit   .   (no helmet)
rElec    .         Reflect  .   (no cloak)
rCorr    .         Harm     .   (no gloves)
MR       .....                  (no boots)
Stlth    +.........             (no amulet)
HPRegen  0.07/turn              (no ring)
MPRegen  0.09/turn              (no ring)

@: no status effects
A: change form in water, swift swim, stealthy swim
a: no special abilities


You were on level 1 of the Dungeon.
You were not hungry.

You visited 1 branch of the dungeon, and saw 1 of its levels.

You collected 3 gold pieces.

Inventory:

Hand Weapons
 a - a +0 spear (weapon)
Armour
 b - a +0 leather armour (worn)
Scrolls
 f - a scroll of remove curse {unknown}
Potions
 d - a potion of might {unknown}
 g - 2 potions of agility {unknown}
Comestibles
 c - 4 chunks of flesh
 e - a ration {!d}


   Skills:
 + Level 2.4 Fighting
 * Level 3.6 Polearms
 - Level 0.6 Armour
 + Level 3.0 Dodging
 - Level 2.0 Spellcasting
 + Level 3.4 Charms


You had 4 spell levels left.
You knew the following spells:

 Your Spells              Type           Power        Failure   Level  Hunger
a - Infusion              Chrm           #...         9%          1    ##.....

Your spell library contained the following spells:

 Spells                   Type           Power        Failure   Level  Hunger
 Song of Slaying          Chrm           #.......     13%         2    ###....
 Shroud of Golubria       Chrm/Tloc      #.........   26%         2    ###....
 Regeneration             Chrm/Necr      #.........   47%         3    ####...
 Spectral Weapon          Hex/Chrm       #.......     47%         3    ####...


Dungeon Overview and Level Annotations

Branches:
Dungeon (1/15)

Altars:


Message History

The jackal completely misses you. The jackal bites you.
You hit the jackal but do no damage. The jackal bites you.
You hit the jackal.
The jackal bites you but does no damage. x2
The leopard gecko closely misses you. The jackal misses you.
The jackal bites you but does no damage.
You hit the jackal. The jackal bites you.
You hit the jackal.
The jackal bites you but does no damage.
You hit the jackal.
You kill the jackal!
You hit the leopard gecko. The leopard gecko bites you.
You barely miss the leopard gecko. The leopard gecko bites you.
* * * LOW HITPOINT WARNING * * *
You hit the leopard gecko. The leopard gecko misses you.
The leopard gecko completely misses you.
You hit the leopard gecko. The leopard gecko bites you.
* * * LOW HITPOINT WARNING * * *
You closely miss the leopard gecko. The leopard gecko bites you.
* * * LOW HITPOINT WARNING * * *
Some of the chunks of flesh in your inventory have rotted away.
You barely miss the leopard gecko. The leopard gecko bites you.
* * * LOW HITPOINT WARNING * * *
You hit the leopard gecko.
You kill the leopard gecko!
Your Dodging skill increases to level 3!
You closely miss the jackal. You miss the jackal. The jackal barely misses you.
The jackal bites you but does no damage.
Unknown command.
You closely miss the jackal. The jackal closely misses you.
The jackal completely misses you. The jackal barely misses you.
Unknown command.
Unknown command.
You hit the jackal.
You kill the jackal!
The jackal closely misses you. The jackal bites you.
* * * LOW HITPOINT WARNING * * *
The jackal misses you.
You see here a jackal corpse.
Unknown command.
Unknown command.
You closely miss the jackal. The jackal bites you.
* * * LOW HITPOINT WARNING * * *
You barely miss the jackal. The jackal bites you.
* * * LOW HITPOINT WARNING * * *
The jackal barely misses you.
You hit the jackal. The jackal bites you.
You die...

#.......##..........#
#.......##.........##
..>...............##
#.......##.......##
#.......##......##.
#.......##.....##..8
#.......##...### 8.
#####>..####..
#....@.# #.. #....#h#
.#. #)####.###(#
#.####.....#
#......#######
#.............
##.....#######
#.....# #.....#


You could see a jackal.

Vanquished Creatures
  A leopard gecko (D:1)
  A giant cockroach (D:1)
  A goblin (D:1)
  A hobgoblin (D:1)
  3 jackals (D:1)
  2 bats (D:1)
  2 rats (D:1)
11 creatures vanquished.

Notes
Turn   | Place    | Note
-------+----------+-------------------------------------------
     0 | D:1      | MalarOregon the Merfolk Skald began the quest for the Orb.
     0 | D:1      | Reached XP level 1. HP: 16/16 MP: 3/3
   237 | D:1      | Reached XP level 2. HP: 21/23 MP: 5/5
   286 | D:1      | Slain by a jackal

Skill      XL: |  1  2 |
---------------+-------+-----
Dodging        | 3 |  3.0
Fighting       | |  2.4
Polearms       | |  3.6
Armour         | |  0.6
Spellcasting   | |  2.0
Charms         | |  3.4

Action                   || total
-------------------------++-------
Melee: Spear             ||    47
 Stab: Sleeping          ||     1
Armor: Leather armour    ||     9
Dodge: Dodged            ||    23
